 Dungeon Crawl Stone Soup version 0.22-a0-571-g4a923d4b9e (webtiles) character file.

1179 PikkenKukken the Distorting Demonspawn (level 8, 0/63 HPs)
             Began as a Demonspawn Abyssal Knight on July 1, 2018.
             Was a Believer of Lugonu.
             Succumbed to a hornet's poison
             ... on level 7 of the Dungeon.
             The game lasted 00:09:56 (4647 turns).

PikkenKukken the Distorting Demonspawn (DsAK)       Turns: 4647, Time: 00:09:57

Health: 0/63       AC:  9    Str: 14    XL:     8   Next: 18%
Magic:  21/21      EV: 13    Int: 15    God:    Lugonu [**....]
Gold:   187        SH:  0    Dex: 12    Spells: 7/7 levels left

rFire    . . .     SeeInvis .   a - +5 war axe
rCold    . . .     Gourm    +   (no shield)
rNeg     . . .     Faith    .   t - +1 leather armour
rPois    .         Spirit   .   (no helmet)
rElec    +         Reflect  .   (no cloak)
rCorr    .         Harm     .   i - +0 pair of gloves
MR       .....                  (no boots)
Stlth    +.........             h - amulet of the gourmand
HPRegen  0.20/turn              j - +3 ring of slaying
MPRegen  0.17/turn              v - ring of magical power

@: lethally poisoned (0 -> -18), slowed, very slow
A: talons 1, thin metallic scales 3
a: Depart the Abyss, Bend Space, Renounce Religion


You were on level 7 of the Dungeon.
You worshipped Lugonu.
Lugonu was pleased with you.
You were completely stuffed.

You visited 1 branch of the dungeon, and saw 6 of its levels.
You visited the Abyss 1 time.

You collected 187 gold pieces.

Inventory:

Hand Weapons
 a - a +5 war axe (weapon)
 b - a +0 fustibalus
 r - a +2 hand axe
Missiles
 p - 42 bolts
 s - 8 javelins (quivered)
 u - 15 sling bullets
Armour
 i - a +0 pair of gloves (worn)
 t - a +1 leather armour (worn)
Jewellery
 h - an amulet of the gourmand (around neck)
 j - a +3 ring of slaying (left hand)
 o - an uncursed ring of flight
 v - a ring of magical power (right hand)
Wands
 l - a wand of scattershot (6)
Scrolls
 e - 4 scrolls of identify
 m - 2 scrolls of teleportation
 q - 2 scrolls of remove curse
Potions
 f - a potion of heal wounds
 g - 2 potions of magic
 k - 3 potions of flight
 n - a potion of brilliance
 w - a potion of lignification
Comestibles
 c - 12 rations
 d - a chunk of flesh


   Skills:
 + Level 5.5 Fighting
 + Level 4.2 Axes
 + Level 0.9 Slings
 + Level 4.1 Armour
 + Level 3.7 Dodging
 + Level 5.9 Invocations


You had 7 spell levels left.
You didn't know any spells.
Your spell library contained the following spells:

 Spells                   Type           Power        Failure   Level  Hunger
 Magic Dart               Conj           #...         32%         1    ##.....
 Conjure Flame            Conj/Fire      #.......     69%         3    ####...
 Slow                     Hex            #.......     45%         2    ###....
 Confuse                  Hex            #.......     69%         3    ####...
 Mephitic Cloud           Conj/Pois/Air  #.......     69%         3    ####...
 Blink                    Tloc           N/A          45%         2    ###....
 Call Imp                 Summ           #.......     45%         2    ###....
 Confusing Touch          Hex            #.....       32%         1    ##.....
 Metabolic Englaciation   Hex/Ice        #.........   100%        5    ######.
 Petrify                  Tmut/Erth      #.......     97%         4    #####..
 Gell's Gravitas          Tloc           #.........   69%         3    ####...
 Yara's Violent Unravell  Hex/Tmut       #.........   100%        5    ######.


Dungeon Overview and Level Annotations

Branches:
Dungeon (5/15)
 Temple: D:4-7

Altars:
Ashenzari
Dithmenos
Nemelex Xobeh

Shops:
D:4 :


Innate Abilities, Weirdness & Mutations

You have sharp toenails.
You are completely covered in thin metallic scales. (AC +4, rElec)


Message History

* * * LOW HITPOINT WARNING * * *
The hornet barely misses you.
You slash the hornet! Your kick misses the hornet.
The hornet is moderately wounded.
You slash the hippogriff!
You feel sick. The hornet stings you.
* * * LOW HITPOINT WARNING * * *
You are more poisoned.
You feel as though you will be slow longer.
The hippogriff closely misses you. The hippogriff barely misses you.
The hippogriff claws you.
* * * LOW HITPOINT WARNING * * *
The hornet stings you but does no damage.
The hippogriff barely misses you.
The hippogriff pecks you but does no damage.
The hippogriff claws you but does no damage.
The hornet stings you but does no damage.
You completely miss the hornet.
The hornet is moderately wounded.
You slash the hippogriff!
You die...

..###+### ....
......... #....
........#
##...#
........##....#
.............#
.............#
#.........##
#...Hy...##.
#...@.......
#..†######.#
#..## #..# #..#
##.# ##.


You could see a hippogriff and a hornet.

Vanquished Creatures
  A two-headed ogre (D:5)
  A phantom (D:5)
  A scorpion (D:4)
  2 howler monkeys (D:7)
  A crimson imp (D:5)
  3 hounds
  A worker ant zombie (D:5)
  3 gnolls
  A howler monkey skeleton (D:5)
  5 adders
  2 worms
  7 dart slugs
  2 leopard geckos
  8 bats
  2 giant cockroaches
  4 goblins
  7 hobgoblins
  6 jackals
  7 kobolds
  3 quokkas
  3 ball pythons
  A ball python skeleton (D:4)
  7 frilled lizards
  A giant cockroach zombie (D:2)
  3 rats
82 creatures vanquished.

Notes
Turn   | Place    | Note
-------+----------+-------------------------------------------
     0 | Abyss:1  | PikkenKukken the Demonspawn Abyssal Knight began the quest for the Orb.
     0 | Abyss:1  | Reached XP level 1. HP: 18/18 MP: 2/2
    53 | Abyss:1  | Noticed a small abomination
    54 | D:1      | Escaped the Abyss
   110 | D:1      | Reached * piety under Lugonu
   375 | D:1      | Gained mutation: You have sharp toenails. [demonic ancestry]
   375 | D:1      | Reached XP level 2. HP: 24/24 MP: 3/3
   761 | D:1      | Reached skill level 1 in Dodging
  1117 | D:2      | Reached XP level 3. HP: 28/29 MP: 5/5
  1849 | D:2      | Gained mutation: You are partially covered in thin metallic scales. (AC +2) [demonic ancestry]
  1849 | D:2      | Reached XP level 4. HP: 36/37 MP: 6/6
  2068 | D:3      | Found a sparkling altar of Nemelex Xobeh.
  2113 | D:3      | Reached ** piety under Lugonu
  2171 | D:3      | Found a shattered altar of Ashenzari.
  3242 | D:4      | Found Hepsiq's Book Shoppe.
  3265 | D:4      | Reached XP level 5. HP: 25/42 MP: 7/7
  4194 | D:4      | Gained mutation: You are mostly covered in thin metallic scales. (AC +3) [demonic ancestry]
  4194 | D:4      | Reached XP level 6. HP: 41/49 MP: 7/9
  4352 | D:5      | Entered Level 5 of the Dungeon
  4352 | D:5      | Noticed a two-headed ogre
  4359 | D:5      | Killed a two-headed ogre
  4359 | D:5      | Reached skill level 5 in Fighting
  4359 | D:5      | Reached skill level 5 in Invocations
  4359 | D:5      | Gained mutation: You are completely covered in thin metallic scales. (AC +4, rElec) [demonic ancestry]
  4359 | D:5      | Reached XP level 7. HP: 56/56 MP: 9/11
  4505 | D:5      | Reached XP level 8. HP: 63/63 MP: 12/12
  4625 | D:5      | You fall through a shaft for 2 floors!
  4625 | D:7      | Found a shadowy altar of Dithmenos.
  4635 | D:7      | Noticed a hippogriff
  4640 | D:7      | Noticed a hornet
  4647 | D:7      | Succumbed to a hornet's poison

Vault maps used:
D:1:      minmay_arrival_jagged
D:2:      minmay_tromino_i4
D:3:      wad_crossroads, nemelex_xobeh_ov_fountains_minmay, first_ration,
          ashenzari_altar_1
D:4:      kennysheep_slugbush, serial_shops, nicolae_shop_statue_plus
D:5:      tgw_xom, uniq_edmund, uniq_sigmund
D:7:      minmay_the_grid_octo_triangle, nicolae_overflow_crystal_walls,
          lightli_ossuary_entry_decrepit_ruins, enter_bailey_3, grunt_livestock,
          nicolae_dithmenos_the_darkroom, uniq_joseph

Skill      XL: |  1  2  3  4  5  6  7 |
---------------+----------------------+-----
Axes           | 2 3 4 |  4.2
Dodging        | 1 2 3 |  3.7
Armour         | 2 3 4 |  4.1
Invocations    | 3 4 5 |  5.9
Fighting       | 4 5 |  5.5
Slings         | |  0.9

Action                   |  1- 3 |  4- 6 |  7- 9 || total
-------------------------+-------+-------+-------++-------
Melee: Hand axe          |   128 |    98 |    10 ||   236
       Kick              |    14 |    27 |    15 ||    56
       War axe           |       |       |    33 ||    33
Invok: Depart the Abyss  |     1 |       |       ||     1
  Use: Scroll            |     8 |     6 |     2 ||    16
       Potion            |       |     1 |       ||     1
 Stab: Sleeping          |       |     1 |       ||     1
  Eat: Chunk             |     3 |    14 |     3 ||    20
Armor: Leather armour    |    45 |    29 |    30 ||   104
Dodge: Dodged            |    86 |    74 |    44 ||   204

Table legend:
 A = Spawn XP
 B = Non-spawn XP
 C = Spawn XP percentage of total XP
 D = Spawn monster count
 E = Non-spawn monster count
 F = Spawn count percentage of total count
 G = Total turns spent on level
                    A         B        C        D         E        F      G
               +---------+---------+-------+---------+---------+-------+---------
         Total |       0 |    1685 |   0.0 |       0 |      82 |   0.0 |  4647
               +---------+---------+-------+---------+---------+-------+---------
           D:1 |       0 |      28 |   0.0 |       0 |      16 |   0.0 |   873
           D:2 |       0 |      74 |   0.0 |       0 |      24 |   0.0 |  1026
           D:3 |       0 |      62 |   0.0 |       0 |      18 |   0.0 |  1272
           D:4 |       0 |     224 |   0.0 |       0 |      15 |   0.0 |  1194
           D:5 |       0 |    1183 |   0.0 |       0 |       7 |   0.0 |   206
           D:7 |       0 |     114 |   0.0 |       0 |       2 |   0.0 |    22
               +---------+---------+-------+---------+---------+-------+---------
